 Dungeon Crawl Stone Soup version 0.32-a0-329-ge6c31236d6 (webtiles) character file.

Game seed: 473486298431509337

71 Sweetruy1997 the Magician (level 4, -3/28 (30) HPs)
             Began as a Mummy Hedge Wizard on Feb 17, 2024.
             Incinerated by a bombardier beetle (6 damage)
             ... with a burning spray
             ... on level 2 of the Dungeon.
             The game lasted 00:04:39 (1777 turns).

Sweetruy1997 the Magician (Mummy Hedge Wizard)      Turns: 1777, Time: 00:04:40

HP:   -3/28 (30)    AC:  3    Str: 13    XL:     4   Next: 5%
MP:   3/11          EV: 12    Int: 15    God:
Gold: 80            SH:  0    Dex: 11    Spells: 5/13 levels left

rFire   x . .        f - +0 dagger (venom)
rCold   + . .        (no shield)
rNeg    + + +        b - +0 robe
rPois   ∞            c - +0 hat
rElec   .            i - +0 cloak
rCorr   .            (no gloves)
SInv    .            (no boots)
Will    .....        (no amulet)
Stlth   +            (no ring)
HPRegen 0.24/turn    (no ring)
MPRegen 0.12/turn

%: faith
@: on fire, glowing, drained
A: cold resistance 1, negative energy resistance 3, torment resistance 2, heat
vulnerability 1, in touch with death 1, no potions, faith
a: no special abilities


You were on level 2 of the Dungeon.
You visited 1 branch of the dungeon, and saw 2 of its levels.

You collected 80 gold pieces.

Inventory:

Hand Weapons
 f - a +0 dagger of venom (weapon)
Armour
 b - a +0 robe (worn)
 c - a +0 hat (worn)
 i - a +0 cloak (worn)
Scrolls
 a - 2 scrolls of vulnerability {unknown}
 d - a scroll of torment {unknown}
 e - 2 scrolls of brand weapon {unknown}
 g - a scroll of identify {unknown}
 h - a scroll of amnesia {unknown}
 j - a scroll of teleportation {unknown}


   Skills:
 + Level 0.1 Fighting
 + Level 0.1 Short Blades
 + Level 1.6 Dodging
 + Level 1.8 Stealth
 + Level 5.2 Spellcasting
 + Level 1.8 Conjurations
 + Level 0.9 Summonings
 + Level 0.7 Translocations


You had 5 spell levels left.
You knew the following spells:

 Your Spells              Type           Power      Damage    Failure   Level
a - Magic Dart            Conj           36%        1d4       8%          1
b - Slow                  Hex            12%        N/A       16%         1
c - Call Imp              Summ           12%        N/A       17%         2
d - Blink                 Tloc           12%        N/A       19%         2
e - Cigotuvi's Dreadful   Necr/Alch/Air  10%        N/A       24%         2

Your spell library contained the following spells:

 Spells                   Type           Power      Damage    Failure   Level
 Mephitic Cloud           Conj/Alch/Air  5%         N/A       36%         3
 Leda's Liquefaction      Alch/Erth      1%         N/A       85%         4
 Lee's Rapid Deconstruct  Erth           1%         3d4*      99%         5
 Bombard                  Conj/Erth      3%         9d1       100%        6


Dungeon Overview and Level Annotations

Branches:
Dungeon (2/15)

Altars:

Shops:
D:1 ?


Innate Abilities, Weirdness & Mutations

You are immune to poison.
Your flesh is cold resistant. (rC+)
You are immune to negative energy. (rN+++)
You are immune to unholy pain and torment.
You are vulnerable to heat. (rF-)
You are in touch with the powers of death.
You do not drink.
You have a special connection with the divine. (Faith)


Message History

The bombardier beetle closely misses your cerulean imp.
Your cerulean imp misses the bombardier beetle.
Your magical contamination has completely faded away.
Your cerulean imp barely misses the bombardier beetle.
The bombardier beetle sprays incendiary fluid at your cerulean imp.
The burning spray hits your cerulean imp.
Your cerulean imp burns!
Your cerulean imp dies!
Your cerulean imp disappears in a puff of smoke!
Casting: Call Imp (safe; 17% risk of failure)
Confirm with . or Enter, or press ? or * to list all spells.
You feel a surge of power!
A part of your flesh rots into a cloud of miasma!
You feel drained.
The bombardier beetle sprays incendiary fluid at you.
The burning spray hits you.
You are covered in liquid fire!
The magic dart hits the bombardier beetle.
The bombardier beetle is severely wounded.
The liquid fire burns you!
The magic dart hits the bombardier beetle.
The bombardier beetle is severely wounded.
The liquid fire burns you!
The magic dart hits the bombardier beetle but does no damage.
The bombardier beetle is severely wounded.
The liquid fire burns you!
The bombardier beetle sprays incendiary fluid at you.
The burning spray hits you.
You are even more covered in liquid fire!
You are too injured to fight recklessly!
You are too injured to fight recklessly!
You shake off some of the fire as you move.
The liquid fire burns you!
* * * LOW HITPOINT WARNING * * *
You shake off some of the fire as you move.
The liquid fire burns you!
* * * LOW HITPOINT WARNING * * *
You shake off some of the fire as you move.
The liquid fire burns you!
You die...

...
#........##..............
....
.........##...........###
#.....
.#######..#...........###
.. #.#........#..... #.
#.#..#.....#.÷... #.####
#.#.#....###.....
#....#####.#...#..#
#.....
#B...##....##..###.....
####..@......<#........
####...##....##....>
..........##.....
..................
#.................>
#............####..
##..........## #..
##...##...## #.. #..


You could see a bombardier beetle.

Vanquished Creatures
  An adder (D:2)
  2 ribbon worms (D:2)
  5 endoplasms
  2 giant cockroaches
  5 goblins (D:1)
  A hobgoblin (D:1)
  2 kobolds
  2 quokkas (D:1)
  3 ball pythons (D:2)
  A bat (D:1)
  3 frilled lizards
  A rat (D:1)
28 creatures vanquished.

Vanquished Creatures (collateral kills)
  A ribbon worm (D:2)
  A hobgoblin (D:1)
2 creatures vanquished.

Grand Total: 30 creatures vanquished

Notes
Turn   | Place    | Note
-------+----------+-------------------------------------------
     0 | D:1      | Sweetruy1997 the Mummy Hedge Wizard began the quest for the
                  | Orb.
     0 | D:1      | Reached XP level 1. HP: 13/13 MP: 5/5
     2 | D:1      | Learned a level 1 spell: Slow
   202 | D:1      | Found Wigohy's Magic Scroll Emporium.
   265 | D:1      | Reached XP level 2. HP: 19/19 MP: 5/7
   317 | D:1      | Learned a level 2 spell: Call Imp
   320 | D:1      | Learned a level 2 spell: Blink
   660 | D:1      | Reached skill level 1 in Conjurations
   762 | D:1      | Reached skill level 5 in Spellcasting
   922 | D:1      | Reached XP level 3. HP: 24/24 MP: 6/9
  1590 | D:2      | Reached XP level 4. HP: 27/30 MP: 8/11
  1625 | D:2      | Learned a level 2 spell: Cigotuvi's Dreadful Rot
  1777 | D:2      | Incinerated by a bombardier beetle

Illustrated notes

Levels and vault maps discovered:
D:1:      amcnicky_arrival_choice, layout_loops_cross, serial_shops, shop
D:2:      layout_rooms

Skill      XL: |  1  2 |
---------------+-------+-----
Conjurations   | 1 |  1.8
Spellcasting   | 5 |  5.2
Fighting       | |  0.1
Short Blades   | |  0.1
Dodging        | |  1.6
Stealth        | |  1.8
Summonings     | |  0.9
Translocations | |  0.7

Action                     |  1- 3 |  4- 6 || total
---------------------------+-------+-------++-------
  Melee: Dagger            |    35 |     5 ||    40
   Cast: Magic Dart        |    57 |    11 ||    68
         Call Imp          |     4 |     1 ||     5
         Slow              |     3 |       ||     3
         Cigotuvi's Dreadf |       |     1 ||     1
   Stab: Distracted        |     1 |       ||     1
         Sleeping          |     1 |       ||     1
 Armour: Robe              |    18 |     1 ||    19
  Dodge: Dodged            |    21 |     3 ||    24

Table legend: (Time is in decaauts)
 A = Elapsed time spent in this place.
 B = Non-inter-level travel time spent in this place.
 C = Inter-level travel time spent in this place.
 D = Time resting spent in this place.
 E = Time spent auto-exploring this place.
 F = Levels seen in this place.
 G = Mean time per level.
                   A        B        C        D        E       F      G
               +--------+--------+--------+--------+--------+-----+--------+
         Total |   1776 |   1767 |      9 |      0 |   1524 |   2 |  888.0 |
       Dungeon |   1776 |   1767 |      9 |      0 |   1524 |   2 |  888.0 |
               +--------+--------+--------+--------+--------+-----+--------+

Top non-repeatable levels by time:
     D:1: 1116 daAuts
     D:2: 659 daAuts
